 Dungeon Crawl Stone Soup version 0.32-a0-981-g384da2ce10 (webtiles) character file.

Game seed: 14141207140138331833

247 Sabo the Charlatan (level 6, -1/47 HPs)
             Began as a Gnoll Artificer on Apr 21, 2024.
             Slain by an iguana (8 damage)
             ... on level 4 of the Dungeon.
             The game lasted 00:19:35 (3566 turns).

Sabo the Charlatan (Gnoll Artificer)                Turns: 3566, Time: 00:19:39

Health: -1/47      AC:  9    Str: 14    XL:     6   Next: 11%
Magic:  8/8        EV:  7    Int: 10    God:
Gold:   211        SH:  0    Dex: 12    Spells: 8/8 levels left

rFire   . . .        g - +0 hand axe
rCold   + . .        (no shield)
rNeg    + . .        p - +0 chain mail
rPois   .            (no helmet)
rElec   .            (no cloak)
rCorr   .            (no gloves)
SInv    .            (no boots)
Will    .....        (no amulet) Stlth
                     m - ring of protection from cold
HPRegen 0.27/turn    t - ring of positive energy
MPRegen 0.11/turn

%: no passive effects
@: lethally poisoned (-1 -> -3)
A: fangs 1, strong nose, distributed training
a: no special abilities


You were on level 4 of the Dungeon.
You visited 1 branch of the dungeon, and saw 4 of its levels.

You collected 211 gold pieces.

Inventory:

Hand Weapons
 g - a +0 hand axe (weapon)
 l - a +0 sling
Missiles
 b - a boomerang
Armour
 p - a +0 chain mail (worn)
 r - a +0 plate armour
Jewellery
 h - a ring of magical power
 j - a ring of resist corrosion
 m - a ring of protection from cold (left hand)
 t - a ring of positive energy (right hand)
Talismans
 i - a beast talisman
Wands
 c - a wand of flame (15) (quivered)
 d - a wand of charming (22)
 e - a wand of iceblast (3)
Scrolls
 a - a scroll of enchant armour
 k - a scroll of enchant weapon
 o - a scroll of blinking {unknown}
Potions
 f - a potion of heal wounds
 n - 2 potions of enlightenment {unknown}
 q - a potion of might {unknown}
 s - a potion of brilliance {unknown}


   Skills:
 + Level 3.2 Fighting
 + Level 1.9 Short Blades
 + Level 1.9 Long Blades
 + Level 1.9 Axes
 + Level 1.9 Maces & Flails
 + Level 1.9 Polearms
 + Level 1.9 Staves
 + Level 1.9 Ranged Weapons
 + Level 1.9 Throwing
 + Level 4.9 Armour
 + Level 3.2 Dodging
 + Level 3.0 Stealth
 + Level 1.9 Shields
 + Level 1.9 Unarmed Combat
 + Level 1.9 Spellcasting
 + Level 1.5 Conjurations
 + Level 1.5 Hexes
 + Level 1.5 Summonings
 + Level 1.5 Necromancy
 + Level 1.5 Translocations
 + Level 1.5 Fire Magic
 + Level 1.5 Ice Magic
 + Level 1.5 Air Magic
 + Level 1.5 Earth Magic
 + Level 1.5 Alchemy
 + Level 2.1 Invocations
 + Level 6.8 Evocations
 + Level 1.7 Shapeshifting


You had 8 spell levels left.
You didn't know any spells.
Your spell library contained the following spells:

 Spells                   Type           Power      Damage    Failure   Level
 Olgreb's Toxic Radiance  Alch           3%         N/A       100%        4
 Ozocubu's Refrigeration  Ice            1%         4d7       100%        7
 Discord                  Hex            1%         N/A       100%        8


Dungeon Overview and Level Annotations

Branches:
Dungeon (4/15)
 Temple: D:4-7

Altars:

Shops:
D:4 [

Annotations:
D:4 Edmund


Innate Abilities, Weirdness & Mutations

You have very sharp teeth.
Your uncanny sense of smell can sniff out nearby items.
Your experience applies equally to all skills.


Message History

You barely miss Edmund.
Edmund is lightly wounded.
You closely miss the adder.
The iguana hisses angrily.
The adder bites you but does no damage. x2; Edmund barely misses you.
You hit Edmund.
Edmund is lightly wounded.
You miss the adder. The adder barely misses you.
You hit Edmund.
Edmund is lightly wounded.
You closely miss the adder. The adder bites you but does no damage.
Edmund barely misses you. The adder bites you but does no damage.
You hit Edmund.
Edmund is moderately wounded.
You hit the adder. The adder bites you. Edmund hits you but does no damage.
The adder bites you but does no damage.
You barely miss Edmund.
Edmund is moderately wounded.
You completely miss the adder. The adder barely misses you.
Edmund barely misses you.
You barely miss Edmund.
Edmund is moderately wounded.
You miss the adder. The adder bites you but does no damage.
The adder bites you.
You are poisoned.
The adder poisons you!
Edmund hits you with a +1 heavy dire flail.
You hit Edmund.
Edmund is moderately wounded.
You hit the iguana. You miss the adder.
You feel sick.
The iguana bites you but does no damage.
The adder bites you but does no damage.
You completely miss Edmund.
Edmund is moderately wounded.
You barely miss the iguana. You hit the adder.
You feel sick. The adder closely misses you.
Edmund hits you with a +1 heavy dire flail!
* * * LOW HITPOINT WARNING * * *
The iguana bites you!
You die...

#...# #...###
#.....#
#####.#######
#..†.......
#.#.########
#.#.#?.....#
# #........#
##@@.....#
#lS......
#........
#........
####....#
..... ...##
..#


You could see Edmund, an iguana and an adder.

Vanquished Creatures
  A hound (D:4)
  Jessica (D:3)
  Ijyb (D:3)
  2 orc wizards
  4 adders (D:3)
  A dart slug (D:3)
  A ribbon worm (D:4)
  9 orcs
  9 endoplasms
  A giant cockroach (D:1)
  5 goblins
  6 hobgoblins
  5 kobolds
  5 quokkas
  8 ball pythons
  2 bats
  A frilled lizard (D:1)
  3 rats
65 creatures vanquished.

Notes
Turn   | Place    | Note
-------+----------+-------------------------------------------
     0 | D:1      | Sabo the Gnoll Artificer began the quest for the Orb.
     0 | D:1      | Reached XP level 1. HP: 17/17 MP: 1/1
   342 | D:1      | Reached XP level 2. HP: 18/23 MP: 2/2
  1253 | D:2      | Reached XP level 3. HP: 21/28 MP: 3/3
  1458 | D:2      | Reached skill level 1 in Invocations
  2241 | D:3      | Reached skill level 1 in Short Blades
  2241 | D:3      | Reached skill level 1 in Long Blades
  2241 | D:3      | Reached skill level 1 in Axes
  2241 | D:3      | Reached skill level 1 in Maces & Flails
  2241 | D:3      | Reached skill level 1 in Polearms
  2241 | D:3      | Reached skill level 1 in Staves
  2241 | D:3      | Reached skill level 1 in Ranged Weapons
  2241 | D:3      | Reached skill level 1 in Throwing
  2241 | D:3      | Reached skill level 1 in Shields
  2241 | D:3      | Reached skill level 1 in Unarmed Combat
  2241 | D:3      | Reached skill level 1 in Spellcasting
  2363 | D:3      | Noticed Ijyb
  2377 | D:3      | Reached skill level 1 in Shapeshifting
  2377 | D:3      | Reached XP level 4. HP: 34/34 MP: 5/5
  2404 | D:3      | Noticed Jessica
  2415 | D:3      | HP: 1/34 [Jessica/nerve-wracking pain (7)]
  2418 | D:3      | Killed Jessica
  2419 | D:3      | Reached skill level 1 in Conjurations
  2419 | D:3      | Reached skill level 1 in Hexes
  2419 | D:3      | Reached skill level 1 in Summonings
  2419 | D:3      | Reached skill level 1 in Necromancy
  2419 | D:3      | Reached skill level 1 in Translocations
  2419 | D:3      | Reached skill level 1 in Fire Magic
  2419 | D:3      | Reached skill level 1 in Ice Magic
  2419 | D:3      | Reached skill level 1 in Air Magic
  2419 | D:3      | Reached skill level 1 in Earth Magic
  2419 | D:3      | Reached skill level 1 in Alchemy
  2667 | D:3      | Reached XP level 5. HP: 40/40 MP: 5/7
  2900 | D:3      | Killed Ijyb
  3244 | D:4      | Found Ipturitu's Antique Armour Shoppe.
  3338 | D:4      | Reached XP level 6. HP: 24/47 MP: 8/8
  3552 | D:4      | Noticed Edmund
  3566 | D:4      | Slain by an iguana

Illustrated notes

Levels and vault maps discovered:
D:1:      elethiomel_arrival_maze, layout_loops_ring
D:2:      layout_basic
D:3:      layout_rooms, grunt_decor_fettered, minmay_pentangle, uniq_ijyb,
          uniq_jessica
D:4:      layout_basic, minmay_temple_entry_waves, serial_shops,
          nicolae_shop_pleasant_corner_grove, minmay_misc_feat_room,
          grunt_ministairs_10, uniq_edmund

Skill      XL: |  1  2  3  4  5 |
---------------+----------------+-----
Invocations    | 1 2 |  2.1
Short Blades   | 1 |  1.9
Long Blades    | 1 |  1.9
Axes           | 1 |  1.9
Maces & Flails | 1 |  1.9
Polearms       | 1 |  1.9
Staves         | 1 |  1.9
Ranged Weapons | 1 |  1.9
Throwing       | 1 |  1.9
Shields        | 1 |  1.9
Unarmed Combat | 1 |  1.9
Spellcasting   | 1 |  1.9
Shapeshifting  | 1 |  1.7
Conjurations   | 1 |  1.5
Hexes          | 1 |  1.5
Summonings     | 1 |  1.5
Necromancy     | 1 |  1.5
Translocations | 1 |  1.5
Fire Magic     | 1 |  1.5
Ice Magic      | 1 |  1.5
Air Magic      | 1 |  1.5
Earth Magic    | 1 |  1.5
Alchemy        | 1 |  1.5
Fighting       | 3 |  3.2
Dodging        | 3 |  3.2
Stealth        | 3 |  3.0
Armour         | |  4.9
Evocations     | |  6.8

Action                     |  1- 3 |  4- 6 || total
---------------------------+-------+-------++-------
  Melee: Hand axe          |   110 |   156 ||   266
         Mace              |     8 |       ||     8
         Bite              |     9 |    15 ||    24
  Evoke: Wand              |       |     2 ||     2
    Use: Scroll            |     3 |     2 ||     5
         Potion            |       |     1 ||     1
   Stab: Sleeping          |     2 |       ||     2
 Armour: Leather armour    |    28 |       ||    28
         Ring mail         |    70 |       ||    70
         Chain mail        |    48 |   159 ||   207
  Dodge: Dodged            |    78 |    93 ||   171

Table legend: (Time is in decaauts)
 A = Elapsed time spent in this place.
 B = Non-inter-level travel time spent in this place.
 C = Inter-level travel time spent in this place.
 D = Time resting spent in this place.
 E = Time spent auto-exploring this place.
 F = Levels seen in this place.
 G = Mean time per level.
                   A        B        C        D        E       F      G
               +--------+--------+--------+--------+--------+-----+--------+
         Total |   3629 |   3629 |      0 |    633 |      0 |   4 |  907.2 |
       Dungeon |   3629 |   3629 |      0 |    633 |      0 |   4 |  907.2 |
               +--------+--------+--------+--------+--------+-----+--------+

Top non-repeatable levels by time:
     D:1: 1214 daAuts
     D:2: 1025 daAuts
     D:3: 962 daAuts
     D:4: 427 daAuts
